Build Orders - Match 35574566 - cohdb - Company of Heroes 3 Replays
cohdb
Replays
Latest Replays
All Replays
Popular Replays
Top Player Replays
Match Explorer
How It Works
Community
CoH3 Stats
Reddit
Sign in to upload your games and track your stats! →
Sign in with Steam
Match 35574566
Unlisted
Match 35574566
Overview
Messages
Build Orders
End
Scout Squad
Selects Airborne Battlegroup
Selects Pathfinders
Construct Weapon Support Center
M1919 Machine Gun Team
M1919 Machine Gun Team
Selects Paratrooper Squad Paradrop
Paratrooper Squad Paradrop
Air Support Center
P-47 Dive Bomb
Paratrooper Squad Paradrop
Construct Tank Depot
M4A1 Sherman Medium Tank
Paratrooper Squad Paradrop
Paratrooper Squad Paradrop
P-47 Strafing Run
Engineer Squad
P-47 Dive Bomb
M4A1 Sherman Medium Tank
P-47 Strafing Run
ToXa
qducryzz
sharpuminshuarbi
Blood Ravens
iceday
Homam
Nebras
CHILL-OUT
0
0
Comments
sign in to comment!
No comments posted yet!